Oilers vs Devils

Created - 8 mars 2018 at 16:33

Goals
1 2 3 OT1 SO T
Oilers 1 1 2 0 2 5
Devils 1 1 2 0 1 4
Shots
1 2 3 OT1 SO T
Oilers 11 18 13 3 4 45
Devils 18 8 14 3 4 43

1st period

1. Devils , Ben Lovejoy 6 (Jakub Voracek 38, Steven Stamkos 37) at 7:07
2. Oilers , Jordan Eberle 18 (Mikael Backlund 32, Marco Scandella 7) at 9:32

Penalties :
No Penalty

2nd period

3. Oilers , Chris Kelly 2 (Corey Perry 27, Ryan Johansen 30) at 5:40
4. Devils , Linden Vey 4 (Tanner Kero 7, Dominic Moore 9) at 11:23

Penalties :
Vince Dunn (EDM) for Roughing (Minor) at 8:47, Corey Perry (EDM) for Holding Stick (Minor) at 16:49

3rd period

5. Oilers , Corey Perry 21 (Cameron Gaunce 4) at 1:29
6. Devils , Jakub Voracek 31 (Steven Stamkos 38) at 6:40
7. Devils , Brayden Point 9 (Tyler Johnson 27) at 13:13 (PP)
8. Oilers , Corey Perry 22 (Marco Scandella 8, Ryan Johansen 31) at 16:27

Penalties :
Cameron Gaunce (EDM) for Holding (Minor) at 12:36

Overtime #1

No Goal

Penalties :
No Penalty

Shootout

Penalty Shot by Pierre-Alexandre Parenteau for Oilers - Stopped by Scott Darling
Penalty Shot by T.J. Oshie for Devils - Stopped by Thomas Greiss
Penalty Shot by Ryan Johansen for Oilers - Stopped by Scott Darling
Penalty Shot by Brayden Point for Devils - Stopped by Thomas Greiss
Penalty Shot by Mikael Backlund for Oilers - Goal!
Penalty Shot by Danton Heinen for Devils - Goal!
Penalty Shot by Corey Perry for Oilers - Goal!
Penalty Shot by Tyler Johnson for Devils - Shot Misses the Net

Penalties :
No Penalty

Goalie Stats

Thomas Greiss (EDM), 39 saves from 43 shots - (0,907), W, 27-19-7, 65:00 minutes
Scott Darling (NJD), 41 saves from 45 shots - (0,911), OTL, 22-15-8, 65:00 minutes

Players Stats for Oilers

Player Name              G  A  P  +/- PIM S  H  SB GA TA FO     MP     PP MP  PK MP  
------------------------------------------------------------------------------------
Aaron Ekblad             0  0  0   1  0   3  2  2  0  1  0/0    24:37   0:00   1:51 
Cameron Gaunce           0  1  1   0  2   0  1  1  0  1  0/0    11:08   0:00   0:00 
Chris Kelly              1  0  1   2  0   4  0  1  2  1  5/7    23:33   0:00   2:55 
Corey Perry              2  1  3   2  2   11 0  0  1  0  0/1    21:02   0:00   0:31 
Hunter Fejes             0  0  0   0  0   0  0  0  0  0  0/0     6:53   0:00   0:00 
Jordan Eberle            1  0  1   0  0   3  1  0  0  0  0/0    16:39   0:00   0:00 
Justin Abdelkader        0  0  0   0  0   1  1  0  0  0  0/0    16:15   0:00   0:00 
Kyle Quincey             0  0  0   1  0   1  1  0  0  0  0/0    23:13   0:00   1:51 
Marco Scandella          0  2  2   0  0   1  1  0  1  0  0/0    25:38   0:00   2:44 
Mikael Backlund          0  1  1   0  0   3  1  0  0  0  4/11   18:47   0:00   0:50 
Nico Hischier            0  0  0  -1  0   2  2  0  2  1  4/9    14:30   0:00   0:00 
Pierre-Alexandre Parente 0  0  0  -1  0   5  1  0  1  0  0/0    15:05   0:00   1:08 
Ryan Johansen            0  2  2   2  0   7  0  0  1  1  18/38  23:03   0:00   2:43 
Sonny Milano             0  0  0  -1  0   0  2  0  0  1  0/0    13:45   0:00   0:00 
Tyler Motte              0  0  0   0  0   1  0  0  1  0  0/0     8:39   0:00   1:03 
Vernon Fiddler           0  0  0   0  0   2  1  0  0  0  0/1     6:53   0:00   0:00 
Vince Dunn               0  0  0   0  2   1  1  0  0  0  0/0    13:35   0:00   0:00 
Zbynek Michalek          0  0  0   0  0   0  1  3  0  2  0/0    27:07   0:00   2:44 

Players Stats for Devils

Player Name              G  A  P  +/- PIM S  H  SB GA TA FO     MP     PP MP  PK MP  
------------------------------------------------------------------------------------
Alexander Edler          0  0  0   0  0   3  1  2  0  2  0/0    24:34   2:21   0:00 
Ben Lovejoy              1  0  1  -1  0   2  0  3  0  0  0/0    21:59   2:21   0:00 
Brayden Point            1  0  1  -1  0   4  0  1  2  0  1/1    19:16   2:09   0:00 
Conor Sheary             0  0  0  -2  0   3  1  0  0  0  1/1    13:37   0:00   0:00 
Danton Heinen            0  0  0  -1  0   2  2  0  0  1  0/0    19:06   2:09   0:00 
Dmitry Kulikov           0  0  0   0  0   1  2  0  0  1  0/0    15:38   0:00   0:00 
Dominic Moore            0  1  1   1  0   0  1  0  0  0  1/3     7:37   0:00   0:00 
Jakub Voracek            1  1  2   1  0   6  0  0  3  0  0/1    21:22   2:26   0:00 
Linden Vey               1  0  1   1  0   2  1  0  0  0  0/0     6:31   0:00   0:00 
Matt Hunwick             0  0  0  -1  0   1  0  1  0  0  0/0    21:12   2:14   0:00 
Nazem Kadri              0  0  0  -2  0   3  0  0  1  0  5/8    15:04   0:00   0:00 
Robert Bortuzzo          0  0  0   0  0   0  0  2  0  0  0/0    15:04   0:00   0:00 
Shea Weber               0  0  0   0  0   3  5  0  0  2  0/0    26:33   2:14   0:00 
Steven Stamkos           0  2  2   1  0   8  2  0  1  1  17/35  23:42   2:26   0:00 
T.J. Oshie               0  0  0   1  0   2  2  0  0  0  1/2    23:16   2:26   0:00 
Tanner Kero              0  1  1   1  0   1  1  0  0  1  0/0     6:31   0:00   0:00 
Tanner Pearson           0  0  0  -2  0   1  1  1  1  1  0/1    14:01   0:00   0:00 
Tyler Johnson            0  1  1  -1  0   1  0  0  0  0  10/15  19:57   2:09   0:00 

3 Stars

1 - Corey Perry (EDM)
2 - Chris Kelly (EDM)
3 - Jakub Voracek (NJD)

Power Play

Oilers - 0 on 0 Attempt(s) - 0,00%
Devils - 1 on 3 Attempt(s) - 33,33%

Penalty Kill

Oilers - 2 on 3 Attempt(s) - 66,67% - Score 0 goal in Penalty Kill
Devils - 0 on 0 Attempt(s) - 0,00% - Score 0 goal in Penalty Kill

Team Stat

Oilers - Hits : 16 - Faceoff Wins : 31 - Blocked Shots : 7 - Penalty Minutes : 6
Devils - Hits : 19 - Faceoff Wins : 36 - Blocked Shots : 10 - Penalty Minutes : 0

Official

Referees : Mark Lemelin and Kendrick Nicholson
Linesman : Shandor Alphonso and Kiel Murchison

Game Notes

No Game Note

Finance

Level 1 -- Attendance: 4450 (74,17%) -- Ticket Income 445 000 $
Level 2 -- Attendance: 4359 (87,18%) -- Ticket Income 261 540 $
Level 3 -- Attendance: 2000 (100,00%) -- Ticket Income 70 000 $
Level 4 -- Attendance: 3684 (92,10%) -- Ticket Income 73 680 $
Luxury Box -- Attendance: 728 (72,80%) -- Ticket Income 145 600 $
Game was played at the Hellgates Center.
Total Attendance: 15221 (84,56%)
Total Ticket Income: 995 820 $
Other Income: 487 952 $
Total Income: 1 483 772 $

Oilers

5 vs 5 Forward 
   Center                   Left Wing                Right Wing               Time % Phy DF OF 
 1 Ryan Johansen            Chris Kelly              Corey Perry              40     1   2  2  
 2 Mikael Backlund          Justin Abdelkader        Jordan Eberle            30     1   2  2  
 3 Nico Hischier            Pierre-Alexandre ParenteaSonny Milano             20     1   2  2  
 4 Vernon Fiddler           Tyler Motte              Hunter Fejes             10     1   2  2  

5 vs 5 Defense 
   Defense                  Defense                                           Time % Phy DF OF 
 1 Marco Scandella          Zbynek Michalek                                   40     1   2  2  
 2 Aaron Ekblad             Kyle Quincey                                      30     1   2  2  
 3 Marco Scandella          Zbynek Michalek                                   20     1   2  2  
 4 Vince Dunn               Cameron Gaunce                                    10     1   2  2  

PowerPlay Forward 
   Center                   Left Wing                Right Wing               Time % Phy DF OF 
 1 Ryan Johansen            Chris Kelly              Corey Perry              60     1   2  2  
 2 Mikael Backlund          Justin Abdelkader        Jordan Eberle            40     1   2  2  

PowerPlay Defense
   Defense                  Defense                                           Time % Phy DF OF 
 1 Marco Scandella          Vince Dunn                                        60     1   2  2  
 2 Aaron Ekblad             Kyle Quincey                                      40     1   2  2  

Penalty Kill 4 Players Forward 
   Center                   Wing                     Time % Phy DF OF 
 1 Chris Kelly              Ryan Johansen            60     1   2  2  
 2 Mikael Backlund          Corey Perry              40     1   2  2  

Penalty Kill 4 Players Defense
   Defense                  Defense                  Time % Phy DF OF 
 1 Zbynek Michalek          Marco Scandella          60     1   2  2  
 2 Aaron Ekblad             Kyle Quincey             40     1   2  2  

Penalty Kill - 3 Players Forward 
   Forward                                           Time % Phy DF OF 
 1 Corey Perry                                       60     1   2  2  
 2 Ryan Johansen                                     40     1   2  2  

Penalty Kill - 3 Players Defense
   Defense                  Defense                  Time % Phy DF OF 
 1 Zbynek Michalek          Vince Dunn               60     1   2  2  
 2 Aaron Ekblad             Kyle Quincey             40     1   2  2  

4 vs 4 Forward 
   Center                   Wing                     Time % Phy DF OF 
 1 Jordan Eberle            Ryan Johansen            60     1   2  2  
 2 Mikael Backlund          Corey Perry              40     1   2  2  

4 vs 4 Defense
   Defense                  Defense                  Time % Phy DF OF 
 1 Marco Scandella          Zbynek Michalek          60     1   2  2  
 2 Aaron Ekblad             Kyle Quincey             40     1   2  2  

Last Minutes Offensive
   Center                   Left Wing                Right Wing               Defense                  Defense                  
   Ryan Johansen            Chris Kelly              Corey Perry              Aaron Ekblad             Kyle Quincey             

Last Minutes Defensive
   Center                   Left Wing                Right Wing               Defense                  Defense                  
   Ryan Johansen            Chris Kelly              Corey Perry              Aaron Ekblad             Kyle Quincey             

Goaltenders
Starting : Thomas Greiss            
Backup : Antti Niemi              

Extra Forwards
Normal : Chris Kelly, Nico Hischier, Pierre-Alexandre Parenteau - PP : Chris Kelly, Nico Hischier - PK : Pierre-Alexandre Parenteau
Extra Defensemen
Normal : Marco Scandella, Zbynek Michalek, Vince Dunn - PP : Marco Scandella - PK : Zbynek Michalek, Vince Dunn
Penalty Shots
Pierre-Alexandre Parenteau, Ryan Johansen, Mikael Backlund, Corey Perry, Jordan Eberle
Custom OT Lines Forwards
Chris Kelly, Ryan Johansen, Mikael Backlund, Corey Perry, Jordan Eberle, Justin Abdelkader, Nico Hischier, Pierre-Alexandre Parenteau, Vernon Fiddler, Sonny Milano
Custom OT Lines Defensemen
Zbynek Michalek, Vince Dunn, Aaron Ekblad, Kyle Quincey, Marco Scandella

Scratches
Seth Jones (Healthy), Connor McDavid (Healthy), Marc-Edouard Vlasic (Healthy)

Devils

5 vs 5 Forward 
   Center                   Left Wing                Right Wing               Time % Phy DF OF 
 1 Steven Stamkos           T.J. Oshie               Jakub Voracek            38     1   1  3  
 2 Tyler Johnson            Danton Heinen            Brayden Point            32     1   1  3  
 3 Nazem Kadri              Conor Sheary             Tanner Pearson           24     1   1  3  
 4 Dominic Moore            Tanner Kero              Linden Vey               6      1   2  2  

5 vs 5 Defense 
   Defense                  Defense                                           Time % Phy DF OF 
 1 Shea Weber               Alexander Edler                                   37     1   2  2  
 2 Matt Hunwick             Ben Lovejoy                                       34     1   2  2  
 3 Robert Bortuzzo          Dmitry Kulikov                                    25     1   3  1  
 4 Shea Weber               Ben Lovejoy                                       4      1   2  2  

PowerPlay Forward 
   Center                   Left Wing                Right Wing               Time % Phy DF OF 
 1 Steven Stamkos           T.J. Oshie               Jakub Voracek            57     0   0  5  
 2 Tyler Johnson            Danton Heinen            Brayden Point            43     0   0  5  

PowerPlay Defense
   Defense                  Defense                                           Time % Phy DF OF 
 1 Shea Weber               Matt Hunwick                                      50     0   1  4  
 2 Ben Lovejoy              Alexander Edler                                   50     0   1  4  

Penalty Kill 4 Players Forward 
   Center                   Wing                     Time % Phy DF OF 
 1 Tyler Johnson            Tanner Pearson           60     1   4  0  
 2 Dominic Moore            Nazem Kadri              40     1   4  0  

Penalty Kill 4 Players Defense
   Defense                  Defense                  Time % Phy DF OF 
 1 Shea Weber               Matt Hunwick             50     1   4  0  
 2 Ben Lovejoy              Alexander Edler          50     1   2  2  

Penalty Kill - 3 Players Forward 
   Forward                                           Time % Phy DF OF 
 1 Tyler Johnson                                     66     0   5  0  
 2 Dominic Moore                                     34     0   5  0  

Penalty Kill - 3 Players Defense
   Defense                  Defense                  Time % Phy DF OF 
 1 Shea Weber               Alexander Edler          60     0   5  0  
 2 Matt Hunwick             Ben Lovejoy              40     0   5  0  

4 vs 4 Forward 
   Center                   Wing                     Time % Phy DF OF 
 1 Steven Stamkos           Jakub Voracek            52     0   2  3  
 2 Tyler Johnson            T.J. Oshie               48     0   2  3  

4 vs 4 Defense
   Defense                  Defense                  Time % Phy DF OF 
 1 Shea Weber               Matt Hunwick             50     0   2  3  
 2 Ben Lovejoy              Alexander Edler          50     0   2  3  

Last Minutes Offensive
   Center                   Left Wing                Right Wing               Defense                  Defense                  
   Steven Stamkos           T.J. Oshie               Tyler Johnson            Shea Weber               Alexander Edler          

Last Minutes Defensive
   Center                   Left Wing                Right Wing               Defense                  Defense                  
   Steven Stamkos           T.J. Oshie               Danton Heinen            Shea Weber               Alexander Edler          

Goaltenders
Starting : Scott Darling            
Backup : Steve Mason              

Extra Forwards
Normal : Danton Heinen, Brayden Point, Conor Sheary - PP : Danton Heinen, Brayden Point - PK : Conor Sheary
Extra Defensemen
Normal : Matt Hunwick, Dmitry Kulikov, Ben Lovejoy - PP : Matt Hunwick - PK : Dmitry Kulikov, Alexander Edler
Penalty Shots
T.J. Oshie, Brayden Point, Danton Heinen, Tyler Johnson, Steven Stamkos
Custom OT Lines Forwards
Steven Stamkos, T.J. Oshie, Nazem Kadri, Tyler Johnson, Tanner Pearson, Dominic Moore, Danton Heinen, Brayden Point, Conor Sheary, Jakub Voracek
Custom OT Lines Defensemen
Shea Weber, Alexander Edler, Dmitry Kulikov, Ben Lovejoy, Matt Hunwick

Scratches
Alexander Debrincat (Bruised Right Foot Injury), Michal Neuvirth (Healthy)

% Time on Ice - Oilers

Lines # - Real PCT - Wanted PCT - Time Play
Normal Forward
1 - 35% - 40% - 19:18
2 - 29% - 30% - 15:58
3 - 24% - 20% - 13:16
4 - 12% - 10% - 6:53
Normal Defense
1 - 31% - 40% - 16:56
2 - 39% - 30% - 21:22
3 - 11% - 20% - 5:58
4 - 20% - 10% - 11:09
PP Forward
1 - 0% - 60%
2 - 0% - 40%
PP Defense
1 - 0% - 60%
2 - 0% - 40%
PK Forward
1 - 82% - 60% - 3:45
2 - 18% - 40% - 0:50
PK Defense
1 - 60% - 60% - 2:44
2 - 40% - 40% - 1:51
PK3 Forward
1 - 0% - 60%
2 - 0% - 40%
PK3 Defense
1 - 0% - 60%
2 - 0% - 40%
44 Forward
1 - 0% - 60%
2 - 0% - 40%
44 Defense
1 - 0% - 60%
2 - 0% - 40%
Last Minute Offensive  - 0:00
Last Minute Defensive  - 0:00
Total
Forward - 60:00
Defense - 60:00

% Time on Ice - Devils

Lines # - Real PCT - Wanted PCT - Time Play
Normal Forward
1 - 35% - 38% - 19:25
2 - 30% - 32% - 16:21
3 - 24% - 24% - 13:08
4 - 12% - 6% - 6:31
Normal Defense
1 - 38% - 37% - 20:58
2 - 33% - 34% - 18:28
3 - 27% - 25% - 15:04
4 - 2% - 4% - 0:55
PP Forward
1 - 53% - 57% - 2:26
2 - 47% - 43% - 2:09
PP Defense
1 - 49% - 50% - 2:14
2 - 51% - 50% - 2:21
PK Forward
1 - 0% - 60%
2 - 0% - 40%
PK Defense
1 - 0% - 50%
2 - 0% - 50%
PK3 Forward
1 - 0% - 66%
2 - 0% - 34%
PK3 Defense
1 - 0% - 60%
2 - 0% - 40%
44 Forward
1 - 0% - 52%
2 - 0% - 48%
44 Defense
1 - 0% - 50%
2 - 0% - 50%
Last Minute Offensive  - 0:00
Last Minute Defensive  - 0:00
Total
Forward - 60:00
Defense - 60:00

Play by Play

1st period


0:01 of 1st period - Ryan Johansen wins face-off versus Steven Stamkos in neutral zone.
0:06 of 1st period - Wrist shot by Corey Perry.
0:06 of 1st period - Stopped by Scott Darling without a rebound.
0:07 of 1st period - Steven Stamkos wins face-off versus Ryan Johansen in Devils zone.
0:16 of 1st period - Wrist shot by Steven Stamkos.
0:16 of 1st period - Deflect By Jakub Voracek.
0:16 of 1st period - Stopped by Thomas Greiss with a rebound.
0:34 of 1st period - Zbynek Michalek is hit by Shea Weber and loses puck.
1:05 of 1st period - Slapshot by Vernon Fiddler.
1:05 of 1st period - Stopped by Scott Darling with a rebound.
1:25 of 1st period - Snap shot by Linden Vey.
1:25 of 1st period - Stopped by Thomas Greiss without a rebound.
1:26 of 1st period - Tyler Johnson wins face-off versus Ryan Johansen in Oilers zone.
1:51 of 1st period - T.J. Oshie is hit by Justin Abdelkader and loses puck.
2:22 of 1st period - Slapshot by Pierre-Alexandre Parenteau.
2:22 of 1st period - Shot Blocked by Ben Lovejoy.
3:01 of 1st period - Cameron Gaunce is hit by Dmitry Kulikov and loses puck.
4:04 of 1st period - Vernon Fiddler is hit by Shea Weber and loses puck.
5:06 of 1st period - Snap shot by Nazem Kadri.
5:06 of 1st period - Stopped by Thomas Greiss with a rebound.
5:08 of 1st period - Slapshot by Alexander Edler.
5:08 of 1st period - Deflect By Nico Hischier.
5:08 of 1st period - Stopped by Thomas Greiss without a rebound.
5:09 of 1st period - Tyler Johnson wins face-off versus Ryan Johansen in Oilers zone.
5:35 of 1st period - Alexander Edler is hit by Nico Hischier and loses puck.
6:06 of 1st period - Wrist shot by Mikael Backlund.
6:06 of 1st period - Shot Misses the Net.
6:28 of 1st period - Snap shot by Linden Vey.
6:28 of 1st period - Shot Misses the Net.
7:05 of 1st period - Wrist shot by Jakub Voracek.
7:05 of 1st period - Stopped by Thomas Greiss with a rebound.
7:07 of 1st period - Slapshot by Ben Lovejoy.
7:07 of 1st period - Goal by Ben Lovejoy - Oilers : 0 - Devils : 1.
7:08 of 1st period - Ryan Johansen wins face-off versus Steven Stamkos in neutral zone.
7:10 of 1st period - Off-side.
7:11 of 1st period - Ryan Johansen wins face-off versus Steven Stamkos in neutral zone.
7:53 of 1st period - Wrist shot by Nico Hischier.
7:53 of 1st period - Deflect By Pierre-Alexandre Parenteau.
7:53 of 1st period - Stopped by Scott Darling without a rebound.
7:54 of 1st period - Nico Hischier wins face-off versus Tanner Pearson in Devils zone.
8:42 of 1st period - Ben Lovejoy is hit by Mikael Backlund and loses puck.
8:51 of 1st period - Wrist shot by Mikael Backlund.
8:51 of 1st period - Stopped by Scott Darling without a rebound.
8:52 of 1st period - Nico Hischier wins face-off versus Jakub Voracek in Devils zone.
9:03 of 1st period - Snap shot by Sonny Milano.
9:03 of 1st period - Shot Misses the Net.
9:32 of 1st period - Wrist shot by Jordan Eberle.
9:32 of 1st period - Goal by Jordan Eberle - Oilers : 1 - Devils : 1.
9:33 of 1st period - Steven Stamkos wins face-off versus Ryan Johansen in neutral zone.
9:36 of 1st period - Slapshot by Jakub Voracek.
9:36 of 1st period - Stopped by Thomas Greiss without a rebound.
9:37 of 1st period - T.J. Oshie wins face-off versus Ryan Johansen in Oilers zone.
9:50 of 1st period - Snap shot by Steven Stamkos.
9:50 of 1st period - Stopped by Thomas Greiss without a rebound.
9:51 of 1st period - Tyler Johnson wins face-off versus Ryan Johansen in Oilers zone.
9:52 of 1st period - Snap shot by Brayden Point.
9:52 of 1st period - Shot Blocked by Zbynek Michalek.
10:44 of 1st period - Wrist shot by Nico Hischier.
10:44 of 1st period - Stopped by Scott Darling with a rebound.
10:58 of 1st period - Cameron Gaunce is hit by Danton Heinen and loses puck.
11:19 of 1st period - Matt Hunwick is hit by Sonny Milano and loses puck.
11:24 of 1st period - Wrist shot by Nico Hischier.
11:24 of 1st period - Shot Blocked by Ben Lovejoy.
11:26 of 1st period - Wrist shot by Aaron Ekblad.
11:26 of 1st period - Deflect By Ben Lovejoy.
11:26 of 1st period - Stopped by Scott Darling without a rebound.
11:27 of 1st period - Ryan Johansen wins face-off versus Steven Stamkos in Devils zone.
11:44 of 1st period - Snap shot by Jakub Voracek.
11:44 of 1st period - Shot Blocked by Chris Kelly.
11:54 of 1st period - Snap shot by Jordan Eberle.
11:54 of 1st period - Stopped by Scott Darling with a rebound.
11:58 of 1st period - Snap shot by Jordan Eberle.
11:58 of 1st period - Shot Blocked by Tanner Pearson.
12:18 of 1st period - Wrist shot by Tyler Johnson.
12:18 of 1st period - Shot Misses the Net.
12:20 of 1st period - Backhand shot by Dmitry Kulikov.
12:20 of 1st period - Stopped by Thomas Greiss without a rebound.
12:21 of 1st period - Ryan Johansen wins face-off versus Tyler Johnson in Oilers zone.
13:30 of 1st period - Cameron Gaunce is hit by Dmitry Kulikov and loses puck.
14:11 of 1st period - Backhand shot by Brayden Point.
14:11 of 1st period - Shot Misses the Net.
14:13 of 1st period - Backhand shot by Tyler Johnson.
14:13 of 1st period - Shot Blocked by Aaron Ekblad.
14:15 of 1st period - Wrist shot by Brayden Point.
14:15 of 1st period - Deflect By Tyler Johnson.
14:15 of 1st period - Shot Misses the Net.
14:15 of 1st period - Puck is out of play.
14:16 of 1st period - Mikael Backlund wins face-off versus Tyler Johnson in Oilers zone.
14:16 of 1st period - Mikael Backlund is hit by Shea Weber.
14:22 of 1st period - Wrist shot by Mikael Backlund.
14:22 of 1st period - Stopped by Scott Darling with a rebound.
14:26 of 1st period - Slapshot by Mikael Backlund.
14:26 of 1st period - Deflect By Jordan Eberle.
14:26 of 1st period - Stopped by Scott Darling with a rebound.
14:31 of 1st period - Icing by Shea Weber.
14:32 of 1st period - Tyler Johnson wins face-off versus Ryan Johansen in Devils zone.
15:05 of 1st period - Slapshot by Jakub Voracek.
15:05 of 1st period - Shot Blocked by Zbynek Michalek.
15:07 of 1st period - Backhand shot by Jakub Voracek.
15:07 of 1st period - Stopped by Thomas Greiss with a rebound.
15:09 of 1st period - Slapshot by Alexander Edler.
15:09 of 1st period - Stopped by Thomas Greiss with a rebound.
15:46 of 1st period - Ben Lovejoy is hit by Kyle Quincey and loses puck.
16:03 of 1st period - Slapshot by Corey Perry.
16:03 of 1st period - Shot Blocked by Robert Bortuzzo.
17:08 of 1st period - Snap shot by Ryan Johansen.
17:08 of 1st period - Stopped by Scott Darling with a rebound.
17:14 of 1st period - Cameron Gaunce is hit by Linden Vey and loses puck.
17:50 of 1st period - Off-side.
17:51 of 1st period - Nico Hischier wins face-off versus Steven Stamkos in neutral zone.
18:08 of 1st period - Backhand shot by Jakub Voracek.
18:08 of 1st period - Shot Misses the Net.
18:10 of 1st period - Snap shot by Jakub Voracek.
18:10 of 1st period - Shot Blocked by Aaron Ekblad.
18:12 of 1st period - Slapshot by Steven Stamkos.
18:12 of 1st period - Stopped by Thomas Greiss with a rebound.
18:14 of 1st period - Slapshot by Jakub Voracek.
18:14 of 1st period - Stopped by Thomas Greiss with a rebound.
18:52 of 1st period - Wrist shot by Steven Stamkos.
18:52 of 1st period - Stopped by Thomas Greiss with a rebound.
18:54 of 1st period - Slapshot by Shea Weber.
18:54 of 1st period - Stopped by Thomas Greiss with a rebound.
18:56 of 1st period - Snap shot by T.J. Oshie.
18:56 of 1st period - Stopped by Thomas Greiss with a rebound.
18:58 of 1st period - Wrist shot by Steven Stamkos.
18:58 of 1st period - Stopped by Thomas Greiss without a rebound.
18:59 of 1st period - Nazem Kadri wins face-off versus Ryan Johansen in Oilers zone.
19:48 of 1st period - Slapshot by Linden Vey.
19:48 of 1st period - Shot Misses the Net.
19:50 of 1st period - Snap shot by Tanner Kero.
19:50 of 1st period - Stopped by Thomas Greiss with a rebound.
19:52 of 1st period - Slapshot by Ben Lovejoy.
19:52 of 1st period - Shot Misses the Net.
Goals for this period are 1 for Oilers vs 1 for Devils.
Shots for this period are 11 for Oilers vs 18 for Devils.

2nd period


0:01 of 2nd period - Steven Stamkos wins face-off versus Ryan Johansen in neutral zone.
0:26 of 2nd period - Marco Scandella is hit by Alexander Edler and loses puck.
0:39 of 2nd period - Wrist shot by Tanner Pearson.
0:39 of 2nd period - Shot Misses the Net.
1:14 of 2nd period - Snap shot by Corey Perry.
1:14 of 2nd period - Stopped by Scott Darling with a rebound.
1:22 of 2nd period - Slapshot by Ryan Johansen.
1:22 of 2nd period - Shot Misses the Net.
1:42 of 2nd period - Snap shot by Pierre-Alexandre Parenteau.
1:42 of 2nd period - Shot Blocked by Robert Bortuzzo.
1:54 of 2nd period - Wrist shot by Conor Sheary.
1:54 of 2nd period - Stopped by Thomas Greiss without a rebound.
1:55 of 2nd period - Nazem Kadri wins face-off versus Vernon Fiddler in Oilers zone.
3:01 of 2nd period - Icing by Danton Heinen.
3:02 of 2nd period - Tyler Johnson wins face-off versus Nico Hischier in Devils zone.
3:02 of 2nd period - Tyler Johnson is hit by Sonny Milano.
4:22 of 2nd period - Icing by Brayden Point.
4:23 of 2nd period - Tyler Johnson wins face-off versus Ryan Johansen in Devils zone.
4:32 of 2nd period - Snap shot by Corey Perry.
4:32 of 2nd period - Shot Misses the Net.
4:34 of 2nd period - Snap shot by Ryan Johansen.
4:34 of 2nd period - Shot Hit the Post.
4:55 of 2nd period - Off-side.
4:56 of 2nd period - Steven Stamkos wins face-off versus Ryan Johansen in neutral zone.
5:03 of 2nd period - Slapshot by Corey Perry.
5:03 of 2nd period - Shot Misses the Net.
5:05 of 2nd period - Slapshot by Ryan Johansen.
5:05 of 2nd period - Stopped by Scott Darling with a rebound.
5:07 of 2nd period - Snap shot by Marco Scandella.
5:07 of 2nd period - Stopped by Scott Darling with a rebound.
5:21 of 2nd period - Shea Weber is hit by Zbynek Michalek and loses puck.
5:32 of 2nd period - Slapshot by Nico Hischier.
5:32 of 2nd period - Stopped by Scott Darling without a rebound.
5:33 of 2nd period - Ryan Johansen wins face-off versus Nazem Kadri in Devils zone.
5:38 of 2nd period - Snap shot by Corey Perry.
5:38 of 2nd period - Stopped by Scott Darling with a rebound.
5:40 of 2nd period - Wrist shot by Chris Kelly.
5:40 of 2nd period - Goal by Chris Kelly - Oilers : 2 - Devils : 1.
5:41 of 2nd period - Ryan Johansen wins face-off versus Steven Stamkos in neutral zone.
6:14 of 2nd period - Off-side.
6:15 of 2nd period - Nazem Kadri wins face-off versus Mikael Backlund in neutral zone.
6:18 of 2nd period - Snap shot by Tanner Pearson.
6:18 of 2nd period - Stopped by Thomas Greiss with a rebound.
6:47 of 2nd period - Backhand shot by Ryan Johansen.
6:47 of 2nd period - Stopped by Scott Darling without a rebound.
6:48 of 2nd period - Steven Stamkos wins face-off versus Ryan Johansen in Devils zone.
7:44 of 2nd period - Wrist shot by Conor Sheary.
7:44 of 2nd period - Deflect By Tyler Motte.
7:44 of 2nd period - Shot Hit the Post.
7:44 of 2nd period - Puck is out of play.
7:45 of 2nd period - Steven Stamkos wins face-off versus Ryan Johansen in Oilers zone.
8:10 of 2nd period - Kyle Quincey is hit by Danton Heinen and loses puck.
8:47 of 2nd period - Minor Penalty to Vince Dunn for Roughing.
8:48 of 2nd period - Chris Kelly wins face-off versus Steven Stamkos in Oilers zone.
8:48 of 2nd period - Chris Kelly is hit by Steven Stamkos.
9:16 of 2nd period - Marco Scandella is hit by Shea Weber and loses puck.
10:47 of 2nd period - Penalty to Vince Dunn is over, Vince Dunn is back on ice.
10:51 of 2nd period - Vince Dunn is hit by Conor Sheary and loses puck.
11:02 of 2nd period - Wrist shot by Corey Perry.
11:02 of 2nd period - Stopped by Scott Darling with a rebound.
11:04 of 2nd period - Snap shot by Kyle Quincey.
11:04 of 2nd period - Stopped by Scott Darling with a rebound.
11:06 of 2nd period - Snap shot by Corey Perry.
11:06 of 2nd period - Stopped by Scott Darling without a rebound.
11:07 of 2nd period - Nico Hischier wins face-off versus Dominic Moore in Devils zone.
11:08 of 2nd period - Snap shot by Pierre-Alexandre Parenteau.
11:08 of 2nd period - Stopped by Scott Darling without a rebound.
11:09 of 2nd period - Dominic Moore wins face-off versus Nico Hischier in Devils zone.
11:09 of 2nd period - Dominic Moore is hit by Cameron Gaunce.
11:21 of 2nd period - Wrist shot by Tanner Kero.
11:21 of 2nd period - Shot Misses the Net.
11:23 of 2nd period - Snap shot by Linden Vey.
11:23 of 2nd period - Goal by Linden Vey - Oilers : 2 - Devils : 2.
11:24 of 2nd period - Ryan Johansen wins face-off versus Steven Stamkos in neutral zone.
11:31 of 2nd period - Snap shot by Corey Perry.
11:31 of 2nd period - Stopped by Scott Darling with a rebound.
11:33 of 2nd period - Slapshot by Zbynek Michalek.
11:33 of 2nd period - Shot Blocked by Alexander Edler.
11:35 of 2nd period - Slapshot by Ryan Johansen.
11:35 of 2nd period - Stopped by Scott Darling without a rebound.
11:36 of 2nd period - Steven Stamkos wins face-off versus Chris Kelly in Devils zone.
12:10 of 2nd period - Wrist shot by Justin Abdelkader.
12:10 of 2nd period - Stopped by Scott Darling with a rebound.
12:28 of 2nd period - Nazem Kadri is hit by Pierre-Alexandre Parenteau and loses puck.
12:59 of 2nd period - Slapshot by Aaron Ekblad.
12:59 of 2nd period - Shot Misses the Net.
13:01 of 2nd period - Snap shot by Hunter Fejes.
13:01 of 2nd period - Shot Misses the Net.
13:03 of 2nd period - Wrist shot by Tyler Motte.
13:03 of 2nd period - Deflect By Vernon Fiddler.
13:03 of 2nd period - Shot Misses the Net.
13:03 of 2nd period - Puck is out of play.
13:04 of 2nd period - Steven Stamkos wins face-off versus Ryan Johansen in Devils zone.
13:13 of 2nd period - Snap shot by T.J. Oshie.
13:13 of 2nd period - Stopped by Thomas Greiss with a rebound.
13:33 of 2nd period - Icing by Tyler Johnson.
13:34 of 2nd period - Tyler Johnson wins face-off versus Mikael Backlund in Devils zone.
13:36 of 2nd period - Icing by Brayden Point.
13:37 of 2nd period - Ryan Johansen wins face-off versus Tyler Johnson in Devils zone.
13:38 of 2nd period - Snap shot by Corey Perry.
13:38 of 2nd period - Shot Misses the Net.
14:15 of 2nd period - Wrist shot by Tyler Johnson.
14:15 of 2nd period - Deflect By Brayden Point.
14:15 of 2nd period - Stopped by Thomas Greiss with a rebound.
14:17 of 2nd period - Snap shot by Danton Heinen.
14:17 of 2nd period - Shot Hit the Post.
14:19 of 2nd period - Slapshot by Ben Lovejoy.
14:19 of 2nd period - Deflect By Jordan Eberle.
14:19 of 2nd period - Stopped by Thomas Greiss with a rebound.
14:21 of 2nd period - Slapshot by Matt Hunwick.
14:21 of 2nd period - Shot Misses the Net.
14:23 of 2nd period - Snap shot by Danton Heinen.
14:23 of 2nd period - Stopped by Thomas Greiss without a rebound.
14:24 of 2nd period - Steven Stamkos wins face-off versus Ryan Johansen in Oilers zone.
14:51 of 2nd period - Alexander Edler is hit by Marco Scandella and loses puck.
15:00 of 2nd period - Snap shot by Tyler Motte.
15:00 of 2nd period - Stopped by Scott Darling without a rebound.
15:01 of 2nd period - Ryan Johansen wins face-off versus Steven Stamkos in Devils zone.
15:14 of 2nd period - Snap shot by Ryan Johansen.
15:14 of 2nd period - Deflect By Corey Perry.
15:14 of 2nd period - Stopped by Scott Darling with a rebound.
15:16 of 2nd period - Snap shot by Corey Perry.
15:16 of 2nd period - Stopped by Scott Darling with a rebound.
16:13 of 2nd period - Wrist shot by Danton Heinen.
16:13 of 2nd period - Stopped by Thomas Greiss with a rebound.
16:49 of 2nd period - Minor Penalty to Corey Perry for Holding Stick.
16:50 of 2nd period - Chris Kelly wins face-off versus Tyler Johnson in Oilers zone.
17:31 of 2nd period - Slapshot by Aaron Ekblad.
17:31 of 2nd period - Stopped by Scott Darling with a rebound.
18:11 of 2nd period - Icing by Steven Stamkos.
18:12 of 2nd period - Chris Kelly wins face-off versus Steven Stamkos in Devils zone.
18:25 of 2nd period - Wrist shot by Tyler Johnson.
18:25 of 2nd period - Shot Misses the Net.
18:49 of 2nd period - Penalty to Corey Perry is over, Corey Perry is back on ice.
19:21 of 2nd period - Icing by Kyle Quincey.
19:22 of 2nd period - Mikael Backlund wins face-off versus Dominic Moore in Oilers zone.
Goals for this period are 1 for Oilers vs 1 for Devils.
Shots for this period are 18 for Oilers vs 8 for Devils.

3rd period


0:01 of 3rd period - Ryan Johansen wins face-off versus T.J. Oshie in neutral zone.
0:26 of 3rd period - Justin Abdelkader is hit by Shea Weber and loses puck.
0:45 of 3rd period - Nazem Kadri is hit by Aaron Ekblad and loses puck.
0:54 of 3rd period - Conor Sheary is hit by Nico Hischier and loses puck.
1:13 of 3rd period - Wrist shot by Linden Vey.
1:13 of 3rd period - Shot Misses the Net.
1:29 of 3rd period - Slapshot by Corey Perry.
1:29 of 3rd period - Goal by Corey Perry - Oilers : 3 - Devils : 2.
1:30 of 3rd period - Ryan Johansen wins face-off versus Steven Stamkos in neutral zone.
2:22 of 3rd period - Wrist shot by Conor Sheary.
2:22 of 3rd period - Stopped by Thomas Greiss without a rebound.
2:23 of 3rd period - Steven Stamkos wins face-off versus Ryan Johansen in Oilers zone.
2:40 of 3rd period - Chris Kelly is hit by Steven Stamkos and loses puck.
2:59 of 3rd period - Wrist shot by Jordan Eberle.
2:59 of 3rd period - Shot Misses the Net.
3:01 of 3rd period - Snap shot by Mikael Backlund.
3:01 of 3rd period - Stopped by Scott Darling with a rebound.
3:03 of 3rd period - Wrist shot by Justin Abdelkader.
3:03 of 3rd period - Shot Misses the Net.
3:53 of 3rd period - Wrist shot by Ryan Johansen.
3:53 of 3rd period - Stopped by Scott Darling without a rebound.
3:54 of 3rd period - Ryan Johansen wins face-off versus Steven Stamkos in Devils zone.
3:55 of 3rd period - Wrist shot by Corey Perry.
3:55 of 3rd period - Deflect By Steven Stamkos.
3:55 of 3rd period - Stopped by Scott Darling without a rebound.
3:56 of 3rd period - Chris Kelly wins face-off versus Steven Stamkos in Devils zone.
4:07 of 3rd period - Slapshot by Ryan Johansen.
4:07 of 3rd period - Stopped by Scott Darling with a rebound.
4:23 of 3rd period - Wrist shot by T.J. Oshie.
4:23 of 3rd period - Shot Misses the Net.
4:25 of 3rd period - Snap shot by Steven Stamkos.
4:25 of 3rd period - Deflect By Corey Perry.
4:25 of 3rd period - Shot Misses the Net.
4:25 of 3rd period - Puck is out of play.
4:26 of 3rd period - Tyler Johnson wins face-off versus Mikael Backlund in Oilers zone.
5:20 of 3rd period - Wrist shot by Steven Stamkos.
5:20 of 3rd period - Shot Misses the Net.
5:22 of 3rd period - Snap shot by T.J. Oshie.
5:22 of 3rd period - Shot Blocked by Zbynek Michalek.
6:16 of 3rd period - Sonny Milano is hit by Tanner Pearson and loses puck.
6:20 of 3rd period - Icing by Nico Hischier.
6:21 of 3rd period - Nazem Kadri wins face-off versus Nico Hischier in Oilers zone.
6:26 of 3rd period - Snap shot by Tanner Pearson.
6:26 of 3rd period - Shot Blocked by Cameron Gaunce.
6:36 of 3rd period - Wrist shot by Nazem Kadri.
6:36 of 3rd period - Stopped by Thomas Greiss without a rebound.
6:37 of 3rd period - Steven Stamkos wins face-off versus Corey Perry in Oilers zone.
6:40 of 3rd period - Wrist shot by Jakub Voracek.
6:40 of 3rd period - Goal by Jakub Voracek - Oilers : 3 - Devils : 3.
6:41 of 3rd period - Tyler Johnson wins face-off versus Ryan Johansen in neutral zone.
6:44 of 3rd period - Snap shot by Brayden Point.
6:44 of 3rd period - Stopped by Thomas Greiss with a rebound.
7:26 of 3rd period - Icing by Mikael Backlund.
7:27 of 3rd period - Nazem Kadri wins face-off versus Mikael Backlund in Oilers zone.
7:40 of 3rd period - Wrist shot by Tyler Johnson.
7:40 of 3rd period - Stopped by Thomas Greiss without a rebound.
7:41 of 3rd period - Ryan Johansen wins face-off versus Steven Stamkos in Oilers zone.
7:55 of 3rd period - Icing by Alexander Edler.
7:56 of 3rd period - Steven Stamkos wins face-off versus Mikael Backlund in Devils zone.
7:56 of 3rd period - Steven Stamkos is hit by Jordan Eberle.
8:08 of 3rd period - Wrist shot by Steven Stamkos.
8:08 of 3rd period - Stopped by Thomas Greiss without a rebound.
8:09 of 3rd period - Ryan Johansen wins face-off versus Tyler Johnson in Oilers zone.
8:58 of 3rd period - Snap shot by Nazem Kadri.
8:58 of 3rd period - Stopped by Thomas Greiss with a rebound.
9:00 of 3rd period - Wrist shot by Shea Weber.
9:00 of 3rd period - Stopped by Thomas Greiss with a rebound.
9:02 of 3rd period - Slapshot by Alexander Edler.
9:02 of 3rd period - Shot Misses the Net.
9:04 of 3rd period - Snap shot by Tanner Pearson.
9:04 of 3rd period - Shot Misses the Net.
9:06 of 3rd period - Slapshot by Alexander Edler.
9:06 of 3rd period - Shot Misses the Net.
9:08 of 3rd period - Slapshot by Shea Weber.
9:08 of 3rd period - Stopped by Thomas Greiss with a rebound.
9:18 of 3rd period - Shea Weber is hit by Aaron Ekblad and loses puck.
10:18 of 3rd period - Snap shot by Conor Sheary.
10:18 of 3rd period - Stopped by Thomas Greiss with a rebound.
10:51 of 3rd period - Aaron Ekblad is hit by Tanner Kero and loses puck.
11:27 of 3rd period - Wrist shot by Nico Hischier.
11:27 of 3rd period - Shot Misses the Net.
11:33 of 3rd period - Slapshot by Brayden Point.
11:33 of 3rd period - Stopped by Thomas Greiss with a rebound.
11:35 of 3rd period - Snap shot by Alexander Edler.
11:35 of 3rd period - Deflect By Pierre-Alexandre Parenteau.
11:35 of 3rd period - Stopped by Thomas Greiss without a rebound.
11:36 of 3rd period - Steven Stamkos wins face-off versus Ryan Johansen in Oilers zone.
12:28 of 3rd period - Nico Hischier is hit by Dominic Moore and loses puck.
12:36 of 3rd period - Minor Penalty to Cameron Gaunce for Holding.
12:37 of 3rd period - Steven Stamkos wins face-off versus Chris Kelly in Oilers zone.
13:13 of 3rd period - Wrist shot by Brayden Point.
13:13 of 3rd period - Goal by Brayden Point - Oilers : 3 - Devils : 4.
13:14 of 3rd period - Steven Stamkos wins face-off versus Mikael Backlund in neutral zone.
13:46 of 3rd period - Snap shot by Corey Perry.
13:46 of 3rd period - Shot Blocked by Brayden Point.
13:48 of 3rd period - Wrist shot by Chris Kelly.
13:48 of 3rd period - Stopped by Scott Darling with a rebound.
14:06 of 3rd period - Conor Sheary is hit by Vernon Fiddler and loses puck.
14:13 of 3rd period - Wrist shot by Vernon Fiddler.
14:13 of 3rd period - Shot Misses the Net.
14:15 of 3rd period - Wrist shot by Vernon Fiddler.
14:15 of 3rd period - Stopped by Scott Darling with a rebound.
14:17 of 3rd period - Slapshot by Hunter Fejes.
14:17 of 3rd period - Shot Blocked by Matt Hunwick.
14:19 of 3rd period - Snap shot by Cameron Gaunce.
14:19 of 3rd period - Shot Blocked by Ben Lovejoy.
14:40 of 3rd period - Icing by Cameron Gaunce.
14:41 of 3rd period - Brayden Point wins face-off versus Nico Hischier in Oilers zone.
14:49 of 3rd period - Icing by Cameron Gaunce.
14:50 of 3rd period - Tyler Johnson wins face-off versus Nico Hischier in Oilers zone.
15:07 of 3rd period - Wrist shot by Nico Hischier.
15:07 of 3rd period - Shot Misses the Net.
15:59 of 3rd period - Shea Weber is hit by Vince Dunn.
16:05 of 3rd period - Snap shot by Pierre-Alexandre Parenteau.
16:05 of 3rd period - Stopped by Scott Darling with a rebound.
16:07 of 3rd period - Snap shot by Vince Dunn.
16:07 of 3rd period - Deflect By Shea Weber.
16:07 of 3rd period - Stopped by Scott Darling with a rebound.
16:23 of 3rd period - Slapshot by Pierre-Alexandre Parenteau.
16:23 of 3rd period - Stopped by Scott Darling without a rebound.
16:24 of 3rd period - Chris Kelly wins face-off versus Nazem Kadri in Devils zone.
16:25 of 3rd period - Backhand shot by Ryan Johansen.
16:25 of 3rd period - Stopped by Scott Darling with a rebound.
16:27 of 3rd period - Snap shot by Marco Scandella.
16:27 of 3rd period - Deflect By Corey Perry.
16:27 of 3rd period - Goal by Corey Perry - Oilers : 4 - Devils : 4.
16:28 of 3rd period - Conor Sheary wins face-off versus Ryan Johansen in neutral zone.
16:43 of 3rd period - Snap shot by Corey Perry.
16:43 of 3rd period - Shot Misses the Net.
17:41 of 3rd period - Icing by Jakub Voracek.
17:42 of 3rd period - Steven Stamkos wins face-off versus Ryan Johansen in Devils zone.
18:32 of 3rd period - Snap shot by Danton Heinen.
18:32 of 3rd period - Shot Misses the Net.
18:34 of 3rd period - Slapshot by Matt Hunwick.
18:34 of 3rd period - Stopped by Thomas Greiss with a rebound.
19:14 of 3rd period - Wrist shot by Pierre-Alexandre Parenteau.
19:14 of 3rd period - Stopped by Scott Darling with a rebound.
Goals for this period are 2 for Oilers vs 2 for Devils.
Shots for this period are 13 for Oilers vs 14 for Devils.

Overtime #1


0:01 of 1st overtime period - Ryan Johansen wins face-off versus Steven Stamkos in neutral zone.
0:04 of 1st overtime period - Wrist shot by Chris Kelly.
0:04 of 1st overtime period - Stopped by Scott Darling with a rebound.
0:15 of 1st overtime period - Snap shot by Steven Stamkos.
0:15 of 1st overtime period - Stopped by Thomas Greiss with a rebound.
0:17 of 1st overtime period - Snap shot by Steven Stamkos.
0:17 of 1st overtime period - Stopped by Thomas Greiss without a rebound.
0:18 of 1st overtime period - Mikael Backlund wins face-off versus Steven Stamkos in Oilers zone.
0:25 of 1st overtime period - Slapshot by Zbynek Michalek.
0:25 of 1st overtime period - Deflect By Mikael Backlund.
0:25 of 1st overtime period - Shot Misses the Net.
0:25 of 1st overtime period - Puck is out of play.
0:26 of 1st overtime period - Mikael Backlund wins face-off versus Steven Stamkos in Devils zone.
0:27 of 1st overtime period - Wrist shot by Chris Kelly.
0:27 of 1st overtime period - Stopped by Scott Darling without a rebound.
0:28 of 1st overtime period - Steven Stamkos wins face-off versus Mikael Backlund in Devils zone.
0:43 of 1st overtime period - Wrist shot by Steven Stamkos.
0:43 of 1st overtime period - Stopped by Thomas Greiss without a rebound.
0:44 of 1st overtime period - Ryan Johansen wins face-off versus Nazem Kadri in Oilers zone.
0:53 of 1st overtime period - Snap shot by Mikael Backlund.
0:53 of 1st overtime period - Shot Blocked by Alexander Edler.
2:13 of 1st overtime period - Snap shot by Mikael Backlund.
2:13 of 1st overtime period - Shot Misses the Net.
2:55 of 1st overtime period - Snap shot by Aaron Ekblad.
2:55 of 1st overtime period - Stopped by Scott Darling with a rebound.
3:12 of 1st overtime period - Justin Abdelkader is hit by T.J. Oshie and loses puck.
3:44 of 1st overtime period - Icing by Mikael Backlund.
3:45 of 1st overtime period - Ryan Johansen wins face-off versus Steven Stamkos in Oilers zone.
4:06 of 1st overtime period - Mikael Backlund is hit by T.J. Oshie and loses puck.
Goals for this period are 0 for Oilers vs 0 for Devils.
Shots for this period are 3 for Oilers vs 3 for Devils.

ShootOut


5:00 of 1st overtime period - Penalty Shot by Pierre-Alexandre Parenteau for Oilers.
5:00 of 1st overtime period - Backhand shot by Pierre-Alexandre Parenteau.
5:00 of 1st overtime period - Stopped by Scott Darling.
5:00 of 1st overtime period - Penalty Shot by T.J. Oshie for Devils.
5:00 of 1st overtime period - Deke by T.J. Oshie.
5:00 of 1st overtime period - Stopped by Thomas Greiss.
5:00 of 1st overtime period - Penalty Shot by Ryan Johansen for Oilers.
5:00 of 1st overtime period - Snap shot by Ryan Johansen.
5:00 of 1st overtime period - Stopped by Scott Darling.
5:00 of 1st overtime period - Penalty Shot by Brayden Point for Devils.
5:00 of 1st overtime period - Snap shot by Brayden Point.
5:00 of 1st overtime period - Stopped by Thomas Greiss.
5:00 of 1st overtime period - Penalty Shot by Mikael Backlund for Oilers.
5:00 of 1st overtime period - Deke by Mikael Backlund.
5:00 of 1st overtime period - Goal by Mikael Backlund.
5:00 of 1st overtime period - Penalty Shot by Danton Heinen for Devils.
5:00 of 1st overtime period - Wrist shot by Danton Heinen.
5:00 of 1st overtime period - Goal by Danton Heinen.
5:00 of 1st overtime period - Penalty Shot by Corey Perry for Oilers.
5:00 of 1st overtime period - Wrist shot by Corey Perry.
5:00 of 1st overtime period - Goal by Corey Perry.
5:00 of 1st overtime period - Penalty Shot by Tyler Johnson for Devils.
5:00 of 1st overtime period - Deke by Tyler Johnson.
5:00 of 1st overtime period - Shot Misses the Net.